 Dungeon Crawl Stone Soup version 0.29-a0-222-g5b244fca1f (webtiles) character file.

Game seed: 16064879708243195049

33 ZeroWinrate the Protected (level 3, -1/25 HPs)
             Began as a Gnoll Wanderer on Feb 27, 2022.
             Slain by a ball python (2 damage)
             ... on level 2 of the Dungeon.
             The game lasted 00:03:38 (1383 turns).

ZeroWinrate the Protected (Gnoll Wanderer)          Turns: 1383, Time: 00:03:38

Health: -1/25      AC: 11    Str: 12    XL:     3   Next: 29%
Magic:  4/4        EV:  6    Int: 11    God:
Gold:   23         SH:  6    Dex: 12    Spells: 3/3 levels left

rFire   . . .      SeeInvis .   a - +0 falchion
rCold   . . .      Faith    .   c - +1 buckler
rNeg    . . .      Spirit   .   b - +0 chain mail
rPois   .          Reflect  .   (no helmet)
rElec   .          Harm     .   (no cloak)
rCorr   .          Rampage  .   (no gloves)
Will    .....                   (no boots)
Stlth   ..........              (no amulet)
HPRegen 0.08/turn               (no ring)
MPRegen 0.09/turn               (no ring)

@: no status effects
A: fangs 1, strong nose, distributed training
a: no special abilities


You were on level 2 of the Dungeon.
You visited 1 branch of the dungeon, and saw 2 of its levels.

You collected 23 gold pieces.

Inventory:

Hand Weapons
 a - a +0 falchion (weapon)
Armour
 b - a +0 chain mail (worn)
 c - a +1 buckler (worn)
 d - a +2 kite shield
Jewellery
 e - a ring of protection from cold
Potions
 f - a potion of flight


   Skills:
 + Level 0.7 Fighting
 + Level 0.7 Short Blades
 + Level 4.5 Long Blades
 + Level 0.7 Axes
 + Level 0.7 Maces & Flails
 + Level 0.7 Polearms
 + Level 0.7 Staves
 + Level 0.7 Slings
 + Level 0.7 Bows
 + Level 0.7 Crossbows
 + Level 0.7 Throwing
 + Level 10.4 Armour
 + Level 0.7 Dodging
 + Level 2.3 Stealth
 + Level 4.5 Shields
 + Level 0.7 Unarmed Combat
 + Level 0.7 Spellcasting
 + Level 0.5 Conjurations
 + Level 0.5 Hexes
 + Level 0.5 Summonings
 + Level 0.5 Necromancy
 + Level 0.5 Translocations
 + Level 0.5 Transmutations
 + Level 0.5 Fire Magic
 + Level 0.5 Ice Magic
 + Level 0.5 Air Magic
 + Level 0.5 Earth Magic
 + Level 0.5 Poison Magic
 + Level 0.9 Invocations
 + Level 0.7 Evocations


You had 3 spell levels left.
You didn't know any spells.
Your spell library was empty.

Dungeon Overview and Level Annotations

Branches:
Dungeon (2/15)

Altars:

Shops:
D:1 ?   D:2 [[(

Annotations:
D:1 Terence
D:2 Sigmund


Innate Abilities, Weirdness & Mutations

You have very sharp teeth.
Your uncanny sense of smell can sniff out nearby items.
Your experience applies equally to all skills.


Message History

A ball python comes into view.
Found a falchion and a pearl ring.
Found 11 gold pieces.
A puff of flame appears from out of thin air!
The puff of flame hits you. The ball python barely misses you.
The ball python grabs you. The ball python constricts you.
You escape the ball python's grasp.
You see here a +2 kite shield.
Unknown command.
Unknown command.
Unknown command.
d - a +2 kite shield The ball python closely misses you.
The ball python grabs you. The ball python constricts you.
You aren't carrying any scrolls.
You aren't carrying any scrolls.
You aren't carrying any scrolls.
You aren't carrying any scrolls.
You aren't carrying any scrolls.
You escape the ball python's grasp.
The ball python barely misses you. x2
Sigmund appears from thin air!
Reactivating autopickup.
Sigmund gestures at you while chanting. The magic dart hits you.
You block the ball python's attack. The ball python barely misses you.
Sigmund gestures wildly while chanting.
Sigmund flickers and vanishes!
Deactivating autopickup; reactivate with Ctrl-A.
You see here a ring of protection from cold.
e - a ring of protection from cold The ball python bites you but does no damage.
The ball python grabs you. The ball python constricts you.
Okay, then.
You escape the ball python's grasp.
A magic dart appears from out of thin air!
The magic dart hits you!
* * * LOW HITPOINT WARNING * * *
The ball python bites you.
You die...

####.# .....# ###### #
∆ # .# # #.# #### #.#
#..# ##.## #########
#8.###...###..@....#
###..##..........S.$.#
...<.##.......∩......#
.........#........)..#
...∩.##..............#
###..##.##....{......#
#8.##.######.......#
#..##.# #########
#####.#


You could see a ball python.

Vanquished Creatures
  A dart slug (D:2)
  2 endoplasms (D:2)
  2 giant cockroaches (D:1)
  A goblin (D:1)
  2 hobgoblins (D:1)
  6 jackals (D:1)
  2 kobolds
  4 ball pythons
  4 bats
  3 rats
27 creatures vanquished.

Notes
Turn   | Place    | Note
-------+----------+-------------------------------------------
     0 | D:1      | Reached skill level 10 in Armour
     0 | D:1      | ZeroWinrate the Gnoll Wanderer began the quest for the Orb.
     0 | D:1      | ZeroWinrate set off with the following items: a +0
                  | falchion, a +0 chain mail, a +0 buckler
     0 | D:1      | Reached XP level 1. HP: 13/13 MP: 1/1
    28 | D:1      | Found Uneuhuleso's Magic Scroll Boutique.
    74 | D:1      | Reached XP level 2. HP: 14/19 MP: 2/2
   604 | D:1      | Reached XP level 3. HP: 25/25 MP: 3/3
   704 | D:2      | Found Eckyttuy's Armour Shoppe.
   800 | D:2      | Noticed Terence
  1271 | D:2      | Noticed Sigmund
  1354 | D:2      | Found Qetusay's Armour Emporium.
  1367 | D:2      | Found Muexezung's Weapon Shop.
  1382 | D:2      | HP: 1/25 [something/magic dart (8)]
  1383 | D:2      | Slain by a ball python

Illustrated notes

Levels and vault maps discovered:
D:1:      ncdulo_smallfort, layout_rooms, serial_shops, nicolae_shop_crystal,
          minmay_misc_feat_x
D:2:      layout_loops_cross, serial_shops, shop, shop, shop, shop_statue,
          uniq_terence, uniq_jessica, uniq_sigmund

Skill      XL: | |
---------------+-+-----
Armour         | | 10.4
Fighting       | |  0.7
Short Blades   | |  0.7
Long Blades    | |  4.5
Axes           | |  0.7
Maces & Flails | |  0.7
Polearms       | |  0.7
Staves         | |  0.7
Slings         | |  0.7
Bows           | |  0.7
Crossbows      | |  0.7
Throwing       | |  0.7
Dodging        | |  0.7
Stealth        | |  2.3
Shields        | |  4.5
Unarmed Combat | |  0.7
Spellcasting   | |  0.7
Conjurations   | |  0.5
Hexes          | |  0.5
Summonings     | |  0.5
Necromancy     | |  0.5
Translocations | |  0.5
Transmutations | |  0.5
Fire Magic     | |  0.5
Ice Magic      | |  0.5
Air Magic      | |  0.5
Earth Magic    | |  0.5
Poison Magic   | |  0.5
Invocations    | |  0.9
Evocations     | |  0.7

Action                   || total
-------------------------++-------
Melee: Falchion          ||    81
       Bite              ||     8
  Use: Scroll            ||     3
       Potion            ||     1
Armor: Chain mail        ||    71
Dodge: Dodged            ||    29
Block: Buckler           ||    28

Table legend: (Time is in decaauts)
 A = Elapsed time spent in this place.
 B = Non-inter-level travel time spent in this place.
 C = Inter-level travel time spent in this place.
 D = Time resting spent in this place.
 E = Time spent auto-exploring this place.
 F = Levels seen in this place.
 G = Mean time per level.
                   A        B        C        D        E       F      G
               +--------+--------+--------+--------+--------+-----+--------+
         Total |   1393 |   1371 |     22 |    259 |    676 |   2 |  696.5 |
       Dungeon |   1393 |   1371 |     22 |    259 |    676 |   2 |  696.5 |
               +--------+--------+--------+--------+--------+-----+--------+

Top non-repeatable levels by time:
     D:1: 768 daAuts
     D:2: 624 daAuts
